Map: [ESL] Oceanborn

Players

Fjant

  • Race: Zerg Zerg
  • League: Master
  • Spawn Location: 11:00

LiquidClem (Clem) - Winner!

  • Race: Terran Terran
  • League: Grandmaster
  • Spawn Location: 5:00

Event: Bellum Gens Elite Stara Zagora 2024

VOD

Have the link to the VOD?

Description

Time

  • Played on: Sept. 5, 2024, 1:12 p.m.
  • Length: 8:49

All games in this series

Show
View Real Time Build Order
Export as new Build Order

Fjant Zerg 

Build Orders: Hatch First 

Get SALT Encoding   

  12  0:00  Drone  
  13  0:09  Drone  
  14  0:14  Extractor  
  14  0:15  Drone  
  15  0:38  Hatchery  
  14  0:43  Extractor  
  14  0:44  Drone  
  14  0:49  Overlord  
  15  1:03  Spawning Pool  
  14  1:07  Drone  
  14  1:10  Drone  
  16  1:13  Drone  
  17  1:24  Extractor  
  16  1:26  Drone  
  16  1:30  Drone  
  18  1:40  Drone  
  19  1:50  Queen x2  
  19  1:51  Drone  
  19  1:52  Drone  
  25  2:01  Drone  
  25  2:02  Overlord  
  26  2:13  Drone x2  
  28  2:25  Spore Crawler  
  26  2:32  Queen  
  26  2:35  Drone, Overlord  
  32  2:37  Metabolic Boost  
  32  2:40  Drone  
  33  2:45  Drone  
  33  2:46  Drone  
  33  2:49  Drone  
  36  2:55  Spore Crawler  
  35  3:01  Queen  
  35  3:03  Drone x3  
  39  3:14  Lair  
  39  3:19  Extractor  
  38  3:21  Hatchery  
  38  3:23  Zergling x4  
  38  3:25  Zergling x2  
  40  3:28  Drone x2  
  40  3:34  Overlord  
  42  3:43  Drone  
  42  3:48  Drone  
  44  3:52  Drone x2  
  44  3:55  Overlord  
  46  3:59  Extractor  
  45  4:03  Drone x2, Overlord  
  45  4:08  Overlord  
  47  4:15  Drone x2  
  47  4:16  Drone x2  
  51  4:17  Hydralisk Den  
  51  4:18  Drone  
  51  4:19  Overlord  
  51  4:24  Overlord  
  51  4:25  Drone  
  51  4:28  Drone  
  53  4:34  Drone x4, Extractor  
  53  4:38  Drone  
  57  4:39  Zergling x4  
  57  4:44  Queen  
  61  4:56  Grooved Spines  
  61  4:58  Hydralisk x2  
  65  5:05  Hydralisk x3  
  71  5:09  Hydralisk  
  73  5:16  Hydralisk x2  
  77  5:22  Hydralisk x2  
  77  5:27  Zergling x8  
  84  5:30  Hydralisk  
  84  5:33  Zergling x4  
  88  5:39  Zergling x2  
  89  5:46  Muscular Augments  
  82  5:51  Hydralisk x4  
  82  5:53  Overlord  
  90  6:04  Overlord x3  
  90  6:11  Overlord  
  90  6:22  Drone x11  
  100  6:26  Baneling Nest  
  100  6:28  Evolution Chamber  
  100  6:31  Evolution Chamber  
  96  6:33  Hydralisk  
  96  6:34  Hydralisk  
  96  6:37  Hydralisk  
  96  6:39  Zergling x2  
  100  6:45  Zergling x8  
  104  6:52  Hydralisk x2  
  104  6:53  Hydralisk  
  108  6:54  Drone  
  108  6:56  Drone  
  109  7:09  Hatchery  
  109  7:11  Drone  
  109  7:12  Drone x2  
  109  7:14  Drone  
  112  7:16  Drone x2  
  112  7:17  Drone  
  115  7:23  Drone x3  
  115  7:25  Overlord  
  115  7:28  Extractor  
  117  7:30  Extractor  
  117  7:33  Hydralisk x2  
  120  7:41  Hydralisk x3  
  117  7:47  Hydralisk x4  
  117  7:51  Hydralisk x2  
  129  8:00  Hydralisk x2  
  129  8:04  Zergling x2  
  133  8:08  Hydralisk  
  133  8:11  Hydralisk  
  126  8:24  Hydralisk  
  126  8:25  Hydralisk x8  
Show
View Real Time Build Order
Export as new Build Order

LiquidClem Terran - Winner!

Build Orders: Reaper Expand 

Get SALT Encoding   

  12  0:00  SCV  
  13  0:12  SCV  
  14  0:16  Supply Depot  
  14  0:24  SCV  
  15  0:38  SCV  
  15  0:39  Barracks  
  16  0:43  Refinery  
  16  0:50  SCV  
  17  1:02  SCV  
  18  1:14  SCV  
  19  1:26  Reaper  
  19  1:27  Orbital Command  
  20  1:39  Command Center  
  20  1:47  Supply Depot  
  20  1:52  SCV  
  21  1:58  Marine  
  22  2:05  SCV  
  23  2:11  Factory  
  23  2:17  SCV  
  23  2:19  Barracks Reactor  
  24  2:29  SCV  
  25  2:39  Command Center  
  25  2:41  SCV  
  26  2:54  Orbital Command  
  26  2:55  SCV  
  27  3:02  Barracks  
  27  3:03  Barracks Tech Lab  
  27  3:07  SCV  
  27  3:09  Hellion  
  30  3:14  Hellion  
  30  3:19  SCV  
  33  3:21  SCV  
  33  3:22  Marine  
  33  3:24  Stimpack  
  35  3:28  Refinery  
  35  3:32  SCV  
  35  3:33  SCV  
  37  3:40  Marine  
  38  3:44  SCV  
  38  3:45  SCV  
  40  3:49  Starport  
  40  3:52  Orbital Command  
  40  3:56  SCV  
  40  3:57  Marine x2  
  40  3:58  SCV, Marine  
  40  3:59  Factory Reactor  
  45  4:06  Supply Depot  
  45  4:08  SCV  
  46  4:10  SCV  
  46  4:14  Marine x2  
  46  4:16  Marine  
  50  4:17  SCV  
  50  4:20  SCV  
  50  4:22  SCV  
  53  4:28  Orbital Command  
  53  4:30  Supply Depot  
  53  4:32  SCV, Marine x2  
  53  4:33  Marine  
  53  4:34  SCV  
  58  4:39  Refinery, Medivac  
  58  4:40  Refinery  
  58  4:41  Factory Tech Lab  
  58  4:42  Medivac  
  58  4:44  SCV  
  63  4:45  Barracks  
  63  4:46  SCV  
  63  4:50  Marine  
  65  4:53  Supply Depot  
  65  4:55  SCV  
  65  4:56  SCV, Engineering Bay  
  65  4:57  Marine, Engineering Bay  
  65  4:58  Marine  
  69  5:04  Combat Shield, SCV  
  70  5:07  SCV  
  70  5:08  SCV  
  70  5:11  Marine  
  73  5:15  Supply Depot  
  73  5:16  SCV, Marine  
  73  5:18  Marine  
  73  5:20  SCV  
  77  5:21  SCV  
  77  5:22  Siege Tank  
  77  5:23  Supply Depot  
  81  5:28  SCV  
  81  5:29  Marine  
  81  5:30  Terran Infantry Weapons Level 1  
  81  5:32  SCV, Terran Infantry Armor Level 1  
  81  5:34  SCV  
  85  5:38  Marine x2  
  85  5:40  SCV  
  85  5:42  Bunker  
  88  5:43  Supply Depot, Marine  
  88  5:44  Marine  
  88  5:47  Marine, Starport Reactor  
  91  5:54  Barracks  
  91  5:56  Marine, Barracks  
  92  5:57  Marine  
  92  5:58  Siege Tank  
  92  6:01  Marine  
  92  6:03  Supply Depot, Marine  
  98  6:05  SCV, Marine  
  98  6:07  SCV x2  
  102  6:14  Marine  
  102  6:15  Supply Depot, Marine  
  102  6:17  SCV  
  102  6:19  SCV, Marine  
  102  6:22  Supply Depot, SCV  
  102  6:23  Marine  
  105  6:26  Medivac x2  
  105  6:29  SCV  
  105  6:30  Supply Depot, Marine  
  105  6:31  SCV  
  112  6:36  Siege Tank  
  112  6:38  SCV  
  116  6:41  Factory  
  116  6:42  Refinery  
  116  6:43  Refinery, Barracks Reactor x2  
  116  6:44  Marine  
  117  6:47  Marine x2  
  117  6:49  Supply Depot  
  117  6:51  Marine  
  117  6:52  Marine  
  118  6:54  SCV  
  118  6:56  SCV x2  
  118  7:00  Supply Depot, Armory  
  121  7:04  Supply Depot, Medivac x2  
  121  7:06  SCV  
  121  7:07  Marine  
  127  7:09  Marine x2  
  127  7:12  Siege Tank  
  127  7:14  Supply Depot, SCV  
  127  7:15  SCV  
  134  7:16  Marine  
  134  7:17  Marine  
  134  7:19  SCV  
  134  7:22  Marine x4  
  141  7:25  Marine  
  141  7:26  Factory Tech Lab  
  142  7:32  Command Center  
  142  7:35  Supply Depot  
  142  7:39  Marine  
  142  7:41  Medivac x2  
  142  7:42  Marine x4  
  144  7:44  Siege Tank, Marine  
  144  7:49  Marine x3  
  151  7:52  Siege Tank  
  151  7:56  Sensor Tower  
  151  7:57  Marine  
  155  8:00  Marine  
  155  8:01  Marine x3  
  155  8:02  Marine  
  155  8:03  Barracks  
  160  8:06  Barracks  
  160  8:09  Barracks  
  160  8:16  Siege Tank  
  160  8:17  Marine  
  160  8:18  Marine  
  154  8:20  Marine  
  154  8:21  Marine x2  
  154  8:24  Marine  
  154  8:25  Marine  
  142  8:27  Marine  
  142  8:28  Marine  
Tags
 
Add a new tag
Caveats
  • Supply blocks, unpowered buildings, or Contaminate may cause inaccurate times.
  • Supply counts are checked every 10 seconds.